 Dungeon Crawl Stone Soup version 0.29-a0-472-ge5599a681e (webtiles) character file.

Game seed: 11549882343302098410

7539 ptdevnull the Slicer (level 11, -4/72 HPs)
             Began as a Kobold Berserker on May 23, 2022.
             Was an Elder of Trog.
             Killed from afar by a hell hog (38 damage)
             ... with a fireball
             ... in a Gauntlet.
             The game lasted 00:29:23 (12364 turns).

ptdevnull the Slicer (Kobold Berserker)            Turns: 12364, Time: 00:29:27

Health: -4/72      AC: 11    Str: 15    XL:     11   Next: 39%
Magic:  11/11      EV: 21    Int:  9    God:    Trog [****..]
Gold:   375        SH:  0    Dex: 18    Spells: 10/10 levels left

rFire   . . .      SeeInvis .   a - +2 dagger (venom)
rCold   . . .      Faith    .   (no shield)
rNeg    + . .      Spirit   .   v - +2 robe {rN+}
rPois   .          Reflect  .   G - +0 helmet of Supple Strength {Will+}
rElec   .          Harm     .   (no cloak)
rCorr   .          Rampage  .   q - +0 pair of gloves
Will    ++++.      NoTele   +   n - +0 pair of boots
Stlth   +++++.....              y - amulet of regeneration
HPRegen 2.02/turn               o - ring of willpower
MPRegen 0.12/turn               u - +4 ring of protection

@: strong-willed (expiring), regenerating (expiring)
A: small, no large weapons, nightstalker 3
a: Renounce Religion, Berserk, Trog's Hand, Brothers in Arms


You were in a Gauntlet.
You worshipped Trog.
Trog was greatly pleased with you.
You visited 2 branches of the dungeon, and saw 12 of its levels.
You also visited: Gauntlet.

You collected 641 gold pieces.
You spent 266 gold pieces at shops.

Inventory:

Hand Weapons
 a - a +2 dagger of venom (weapon)
 b - a +1 scimitar of flaming
Missiles
 C - 18 poisoned darts (quivered)
 D - a throwing net
Armour
 g - +0 steam dragon scales
 n - a +0 pair of boots (worn)
 q - a +0 pair of gloves (worn)
 v - a +2 robe of positive energy (worn)
 G - the +0 helmet of Supple Strength (worn) {Will+}
   (You bought it in a shop on level 5 of the Dungeon)

   Will:      It increases your willpower.
Jewellery
 k - a ring of resist corrosion
 o - a ring of willpower (left hand)
 u - a +4 ring of protection (right hand)
 y - an amulet of regeneration (around neck)
 I - the ring of Taeriom {rElec MP+9}
   (You found it on level 7 of the Dungeon)

   [ring of magical power]

   rElec:     It insulates you from electricity.
   MP:        It affects your magic capacity (+9).
 K - a +4 ring of evasion
Wands
 B - a wand of polymorph (6)
Scrolls
 c - 4 scrolls of teleportation
 e - 2 scrolls of blinking
 j - 2 scrolls of torment
 l - a scroll of vulnerability
 r - 2 scrolls of identify
 x - 2 scrolls of fear
 L - a scroll of summoning
Potions
 d - 2 potions of ambrosia
 f - a potion of resistance
 h - a potion of lignification
 i - a potion of magic
 m - a potion of mutation
 p - 4 potions of curing
 s - 3 potions of attraction
 t - 3 potions of haste
 w - a potion of flight
 z - a potion of berserk rage {unknown}
 A - 3 potions of heal wounds
 E - a potion of cancellation {unknown}
 F - a potion of invisibility {unknown}
 J - a potion of experience {unknown}


   Skills:
 - Level 10.0 Fighting
 - Level 10.0(11.8) Short Blades
 + Level 6.5(7.7) Long Blades
 - Level 1.5 Armour
 - Level 10.0 Dodging
 - Level 8.8 Stealth


You had 10 spell levels left.
You didn't know any spells.
Your spell library was empty.

Dungeon Overview and Level Annotations

Branches:
Dungeon (11/15)            Temple (0/1) D:5            Lair (1/6) D:8
Gauntlet (1/1)
    Orc: D:9-12

Altars:
Ashenzari
Gozag
Nemelex Xobeh
Qazlal
Ru
Vehumet
Zin

Shops:
D:5 [

Annotations:
Gauntlet 8 transporters, 1 runed translucent door, exclusions: lightning spire and obsidian statue


Innate Abilities, Weirdness & Mutations

You are small and have problems with some larger weapons.
You are completely attuned to the shadows.


Message History

You barely miss the fire bat.
The fire bat is lightly wounded.
The fire bat misses you.
The fire bat bites you but does no damage.
The hell hound completely misses you. The hell hog misses you.
The hell hound completely misses you.
The fire bat bites you but does no damage.
There is an open translucent door, spattered with blood here.
You swap places.
The hell hound attacks as you move away!
The hell hound bites you!
Your ogre hits the fire bat with a +0 giant club!!
The fire bat dies!
Trog accepts your kill. The hell hog bites your ogre!
The hell hound bites your ogre! The hell hog bites your ogre!
You feel the effects of Trog's Hand fading.
Your ogre hits the hell hog with a +0 giant club!!
The hell hound bites your ogre!
Your ogre dies!
Your ogre's corpse disappears in a puff of smoke!
The hell hog breathes fire at you.
The fireball explodes!
The fireball engulfs the hell hound.
The hell hound completely resists.
The fireball engulfs you!!
The fireball engulfs the hell hog.
The hell hog completely resists.
The fireball engulfs the hell hound.
The hell hound completely resists.
You hit the hell hound.
The hell hound is poisoned.
The hell hound is lightly wounded.
The hell hound barely misses you.
You hit the hell hound.
The hell hound looks as sick as possible!
The hell hound is heavily wounded.
You hit the hell hound.
The hell hound is heavily wounded.
The hell hound barely misses you. The hell hog breathes fire at you.
The fireball explodes!
The fireball engulfs the hell hound.
The hell hound completely resists.
The fireball engulfs you!!!
Ouch! That really hurt!
You die...

#...#........#. #......##
#.©.#....8...#. #...8.##
########.....#. #.....≈#
..©$#.=#...#### ####...##
^..#...#...#.[)©!.^#...≈#
..^#.^.#...#.#####.#..§##
# ...#...#.#≈≈≈#.#...§# ^
^.2#.8.#.#.©.#.#.8.## .
##4#...#.+..@hh#...§# .
..##...#.#####.#...##
.#.....#...#^....h.#...≈#
#......#...#########...##
########.......©.......≈#
..©......8.....8.....8.##
..8..∩.§.......§.......§#
......§..#≈#§#≈#§#≈#≈#≈##
#≈#≈#≈#§################


You could see a hell hog (catching breath) and 2 hell hounds.

Vanquished Creatures
  Erica (D:8)
  3 kobold demonologists (D:10)
  A troll (D:11)
  A hornet (D:8)
  A shadow (D:11)
  2 wraiths
  A wyvern (D:10)
  A steam dragon (D:9)
  Grum (D:8)
  2 vampire mosquitoes (D:10)
  3 wargs (D:8)
  A hell hound (Gauntlet)
  3 water moccasins
  A sky beast (D:8)
  3 orc warriors
  3 ogres
  An ice beast (D:8)
  A wolf (D:8)
  5 centaurs
  A phantom (D:5)
  A kobold brigand (D:10)
  4 bullfrogs
  A necrophage (D:4)
  A scorpion (D:4)
  11 killer bees
  3 hounds
  A jelly (D:4)
  5 orc priests
  Jessica (D:2)
  4 iguanas
  Terence (D:2)
  11 orc wizards
  Robin (D:2)
  7 gnolls
  10 adders
  A shadow imp (D:8)
  A white imp (D:6)
  2 ufetubi (D:4)
  3 dart slugs
  49 orcs
  8 ball pythons
  10 endoplasms
  4 giant cockroaches
  13 goblins
  10 hobgoblins
  2 jackals (D:2)
  2 quokkas
  8 bats
  4 frilled lizards
  11 kobolds
  4 rats (D:1)
230 creatures vanquished.

Vanquished Creatures (collateral kills)
  A cyclops (D:10)
  2 fire bats (Gauntlet)
  A wolf (D:8)
4 creatures vanquished.

Vanquished Creatures (others)
  2 plants (D:8)
2 creatures vanquished.

Grand Total: 236 creatures vanquished

Notes
Turn   | Place    | Note
-------+----------+-------------------------------------------
     0 | D:1      | ptdevnull the Kobold Berserker began the quest for the Orb.
     0 | D:1      | Reached XP level 1. HP: 14/14 MP: 1/1
   267 | D:1      | Reached XP level 2. HP: 19/19 MP: 2/2
   966 | D:1      | Reached XP level 3. HP: 23/23 MP: 3/3
  1385 | D:2      | Noticed Jessica
  1398 | D:2      | Noticed Robin
  1402 | D:2      | Reached skill level 5 in Short Blades
  1407 | D:2      | Killed Robin
  1596 | D:2      | Killed Jessica
  1597 | D:2      | Reached XP level 4. HP: 9/29 MP: 4/4
  1956 | D:2      | Reached ** piety under Trog
  1972 | D:2      | HP: 1/29 [poisoned by a goblin]
  2381 | D:2      | Noticed Terence
  2397 | D:2      | Killed Terence
  2398 | D:2      | Reached XP level 5. HP: 33/33 MP: 5/5
  2758 | D:2      | Found a glowing silver altar of Zin.
  3178 | D:3      | Found an opulent altar of Gozag.
  3347 | D:3      | Found a broken altar of Ashenzari.
  3448 | D:3      | Reached XP level 6. HP: 11/39 MP: 6/6
  4450 | D:4      | Reached XP level 7. HP: 44/44 MP: 7/7
  4529 | D:4      | Reached skill level 5 in Fighting
  4675 | D:4      | Reached *** piety under Trog
  4755 | D:4      | Reached skill level 5 in Dodging
  5013 | D:4      | Found a sacrificial altar of Ru.
  5103 | D:5      | Entered Level 5 of the Dungeon
  5123 | D:5      | Found Qaqyape's Antique Armour Shop.
  5190 | D:5      | Reached XP level 8. HP: 50/50 MP: 8/8
  5895 | D:5      | Found a staircase to the Ecumenical Temple.
  5985 | D:5      | Found a sparkling altar of Nemelex Xobeh.
  5994 | D:5      | Found a stormy altar of Qazlal.
  6300 | D:6      | Reached **** piety under Trog
  6301 | D:6      | Reached skill level 10 in Short Blades
  6672 | D:5      | Bought a faintly glowing helmet for 266 gold pieces
  6672 | D:5      | Identified the +0 helmet of Supple Strength {Will+} (You
                  | bought it in a shop on level 5 of the Dungeon)
  6745 | D:6      | Found a radiant altar of Vehumet.
  7501 | D:7      | Reached XP level 9. HP: 57/57 MP: 9/9
  7709 | D:7      | Identified the ring of Taeriom {rElec MP+9}
  8164 | D:8      | Noticed Grum
  8165 | D:8      | Noticed a hornet
  8183 | D:8      | Killed a hornet
  8312 | D:8      | Killed Grum
  8313 | D:8      | Reached XP level 10. HP: 33/66 MP: 10/10
  8446 | D:8      | Found a staircase to the Lair.
  8661 | D:8      | Noticed Erica
  8665 | D:8      | Reached skill level 10 in Dodging
  8681 | D:8      | Killed Erica
  8682 | D:8      | Reached skill level 10 in Fighting
  8682 | D:8      | Reached skill level 5 in Stealth
 10507 | D:10     | Entered Level 10 of the Dungeon
 10597 | D:10     | Reached ***** piety under Trog
 10640 | D:10     | Reached skill level 1 in Long Blades
 10663 | D:10     | Noticed a kobold demonologist
 10668 | D:10     | Noticed a kobold demonologist
 10676 | D:10     | Killed a kobold demonologist
 10681 | D:10     | Killed a kobold demonologist
 10829 | D:10     | Reached XP level 11. HP: 72/72 MP: 11/11
 11472 | D:10     | Noticed a cyclops
 11476 | D:10     | Killed a cyclops
 11477 | D:10     | Reached skill level 5 in Long Blades
 11819 | Lair:1   | Entered Level 1 of the Lair of Beasts
 11899 | D:11     | Noticed a white ugly thing
 11988 | D:11     | Found a gate leading to a gauntlet.
 11995 | Gauntlet | Entered a Gauntlet
 11995 | Gauntlet | Found a transporter.
 12001 | Gauntlet | Found a transporter.
 12003 | Gauntlet | Found a runed translucent door.
 12020 | Gauntlet | Noticed a moth of wrath
 12029 | Gauntlet | Found a transporter.
 12093 | Gauntlet | Found a transporter.
 12094 | Gauntlet | Noticed a blizzard demon
 12111 | Gauntlet | Found a transporter.
 12111 | Gauntlet | Found a transporter.
 12116 | Gauntlet | Noticed an obsidian statue
 12125 | Gauntlet | Found a transporter.
 12127 | Gauntlet | Noticed a death yak
 12128 | Gauntlet | Noticed a death yak
 12128 | Gauntlet | Noticed a death yak
 12128 | Gauntlet | Noticed a death yak
 12128 | Gauntlet | Noticed a death yak
 12131 | Gauntlet | Noticed a death yak
 12190 | Gauntlet | Found a transporter.
 12315 | Gauntlet | Noticed a hell hog
 12342 | Gauntlet | Found a runed translucent door.
 12345 | Gauntlet | Found a transporter.
 12364 | Gauntlet | Killed from afar by a hell hog

Illustrated notes

Levels and vault maps discovered:
D:1:      dpeg_arrival_renting, layout_basic
D:2:      layout_loops_ring, basic_altar, roderic_roman_lattice, uniq_jessica,
          uniq_terence, uniq_robin
D:3:      layout_loops_ring, lemuel_round_altar, ashenzari_altar_1,
          grunt_ministairs_7, st_stairs_14
D:4:      layout_rooms, nicolae_ru_the_path_less_chosen
D:5:      nicolae_cairo_tiling_large_dashed, layout_gridville,
          mainiacjoe_overflow_swirl, serial_shops, shop
D:6:      layout_rooms, nicolae_vehumet_altar_sigil,
          chequers_serial_rivers_small_a, sigmund_army
D:7:      layout_loops_cross, roderic_serpentine_path, grunt_ministairs_14,
          serial_bayou_crossing
D:8:      layout_rooms, erik_lair_orcish_takeover, uniq_erica, uniq_grum
D:9:      layout_loops_corners, serial_aquarium, aquarium_bridge_square
          [aquarium_subvault_window, aquarium_subvault_bridge,
          aquarium_subvault_bridge, aquarium_subvault_wall],
          aquarium_bridge_long_joined [aquarium_subvault_bridge,
          aquarium_subvault_wall, aquarium_subvault_wall,
          aquarium_subvault_bridge, aquarium_subvault_bridge,
          aquarium_subvault_window], aquarium_window_1, aquarium_window_3,
          aquarium_window_fake, aquarium_view_2d
D:10:     layout_basic, bh_walls_and_bars
D:11:     layout_gridville, gauntlet_entry_generic
Lair:1:   layout_regular_city, hellmonk_guarded_unrand_zhor,
          infiniplex_staircase_pool_2, lemuel_fruit_fields, uniq_maggie
Gauntlet: minmay_gauntlet_mixed_oops_all_seconds
          [minmay_gauntlet_arena_77_shame_cube, nicolae_gauntlet_swirl,
          minmay_gauntlet_arena_77_box, nicolae_gauntlet_arena_blocks,
          minmay_gauntlet_arena_77_squiggly, gammafunk_gauntlet_arena_crates,
          gauntlet_exit_green]

Skill      XL: |  1  2  3  4  5  6  7  8  9 10 11 |
---------------+----------------------------------+-----
Dodging        | 3 4 5 7 9 10 | 10.0
Short Blades   | 5 6 7 8 10 | 10.0
Fighting       | 4 5 7 9 10 | 10.0
Stealth        | 8 |  8.8
Long Blades    | 3 6 |  6.5
Armour         | |  1.5

Action                   |  1- 3 |  4- 6 |  7- 9 | 10-12 || total
-------------------------+-------+-------+-------+-------++-------
Melee: Short sword       |    88 |    22 |       |       ||   110
       Dagger            |       |   168 |   395 |   263 ||   826
       Punch             |       |     2 |     7 |     4 ||    13
       Scimitar          |       |       |       |    80 ||    80
Invok: Berserk           |     2 |     3 |     2 |     3 ||    10
       Trog's Hand       |       |     1 |     1 |     1 ||     3
       Brothers in Arms  |       |       |     1 |     2 ||     3
  Use: Potion            |       |     4 |     1 |       ||     5
       Scroll            |       |     6 |    10 |     6 ||    22
 Stab: Sleeping          |     8 |    10 |    14 |     9 ||    41
       Distracted        |     2 |     2 |     3 |       ||     7
       Fleeing           |       |       |     1 |       ||     1
Armor: Animal skin       |    15 |    15 |       |       ||    30
       Robe              |       |    19 |    56 |    52 ||   127
Dodge: Dodged            |    41 |    88 |   184 |   267 ||   580
Block: Buckler           |       |       |     1 |       ||     1

Table legend: (Time is in decaauts)
 A = Elapsed time spent in this place.
 B = Non-inter-level travel time spent in this place.
 C = Inter-level travel time spent in this place.
 D = Time resting spent in this place.
 E = Time spent auto-exploring this place.
 F = Levels seen in this place.
 G = Mean time per level.
                   A        B        C        D        E       F      G
               +--------+--------+--------+--------+--------+-----+--------+
         Total |  12070 |  11147 |    923 |   2002 |   7202 |  13 |  928.5 |
       Dungeon |  11706 |  10785 |    921 |   2002 |   7005 |  11 | 1064.2 |
          Lair |      1 |      0 |      1 |      0 |      0 |   1 |    1.0 |
      Gauntlet |    362 |    362 |      0 |      0 |    197 |   1 |  362.0 |
               +--------+--------+--------+--------+--------+-----+--------+

Top non-repeatable levels by time:
     D:1: 1548 daAuts
     D:2: 1506 daAuts
     D:5: 1399 daAuts
     D:9: 1330 daAuts
    D:10: 1290 daAuts
     D:3: 1237 daAuts
     D:7: 924 daAuts
     D:4: 835 daAuts
     D:8: 820 daAuts
     D:6: 702 daAuts
Gauntlet: 362 daAuts
    D:11: 111 daAuts
  Lair:1: 1 daAuts
